 Dungeon Crawl Stone Soup version 0.28.0-43-g3370ac3207 (webtiles) character file.

Game seed: 16649947293949743503

98 H0rd4k the Magician (level 4, 0/24 HPs)
             Began as a Deep Elf Hedge Wizard on Mar 14, 2022.
             Killed by divine providence
             ... invoked by an orc priest
              (8 damage)
             ... on level 4 of the Dungeon.
             The game lasted 00:03:03 (3058 turns).

H0rd4k the Magician (Deep Elf Hedge Wizard)         Turns: 3058, Time: 00:03:03

Health: 0/24       AC:  2    Str:  7    XL:     4   Next: 43%
Magic:  6/14       EV: 13    Int: 21    God:
Gold:   82         SH:  0    Dex: 14    Spells: 6/15 levels left

rFire   . . .      SeeInvis .   a - +0 dagger
rCold   . . .      Faith    .   (no shield)
rNeg    . . .      Spirit   .   b - +0 robe
rPois   .          Reflect  .   c - +0 hat
rElec   .          Harm     .   (no cloak)
rCorr   .          Rampage  .   (no gloves)
Will    .....                   (no boots)
Stlth   ++........              (no amulet)
HPRegen 0.08/turn               (no ring)
MPRegen 0.14/turn               (no ring)

@: no status effects
A: no striking features
a: no special abilities


You were on level 4 of the Dungeon.
You visited 1 branch of the dungeon, and saw 4 of its levels.

You collected 82 gold pieces.

Inventory:

Hand Weapons
 a - a +0 dagger (weapon)
Armour
 b - a +0 robe (worn)
 c - a +0 hat (worn)
Scrolls
 d - a scroll of magic mapping {unknown}
 e - 2 scrolls of identify {unknown}
 f - a scroll of amnesia {unknown}
 i - a scroll of fog {unknown}
 j - 2 scrolls of enchant weapon {unknown}
 k - a scroll of vulnerability {unknown}
Potions
 g - a potion of flight {unknown}
 h - a potion of might {unknown}
 l - a potion of magic {unknown}
 m - a potion of curing {unknown}
 n - a potion of heal wounds {unknown}


   Skills:
 + Level 3.0 Dodging
 - Level 2.4 Stealth
 + Level 6.3 Spellcasting
 + Level 2.1 Conjurations
 + Level 1.1 Summonings
 + Level 1.1 Translocations
 * Level 0.6 Fire Magic
 * Level 0.2 Air Magic
 * Level 0.1 Poison Magic


You had 6 spell levels left.
You knew the following spells:

 Your Spells              Type           Power      Damage    Failure   Level
a - Magic Dart            Conj           60%        1d6       4%          1
b - Blink                 Tloc           22%        N/A       9%          2
c - Conjure Flame         Conj/Fire      12%        6-21      16%         3
d - Mephitic Cloud        Conj/Pois/Air  9%         N/A       21%         3

Your spell library contained the following spells:

 Spells                   Type           Power      Damage    Failure   Level
 Call Imp                 Summ           11%        N/A       9%          2
 Slow                     Hex            24%        N/A       10%         1
 Confusing Touch          Hex            6%         N/A       28%         3
 Yara's Violent Unravell  Hex/Tmut       3%         3d4       95%         5
 Enfeeble                 Hex            3%         N/A       100%        7


Dungeon Overview and Level Annotations

Branches:
Dungeon (4/15)
 Temple: D:4-7

Altars:

Annotations:
D:2 Crazy Yiuf
D:3 exclusion: upstairs
D:4 exclusion: upstairs


Message History

Found a robe.
Found a stone staircase leading up.
An orc comes into view. It is wielding a +0 club.
The magic dart hits the orc but does no damage.
The orc shouts!
You hear a shout! x3
The magic dart hits the orc but does no damage.
The magic dart hits the orc.
The orc is heavily wounded.
The orc hits you with a +0 club.
The magic dart hits the orc.
The orc is severely wounded.
The orc hits you with a +0 club.
The magic dart hits the orc but does no damage.
The orc is severely wounded.
The orc barely misses you.
The magic dart hits the orc but does no damage.
The orc is severely wounded.
The orc closely misses you.
An orc comes into view. It is wielding a +0 club.
The magic dart hits the orc but does no damage.
The orc is severely wounded.
The orc barely misses you. The orc hits you but does no damage.
The magic dart hits the orc.
You kill the orc!
An orc priest comes into view.
It is wielding a +0 hand axe and wearing a +2 chain mail of fire resistance.
You miscast Magic Dart.
You are very lightly contaminated with residual magic.
Nothing appears to happen.
The orc hits you with a +0 club.
The magic dart hits the orc.
The orc is heavily wounded.
An orc comes into view. It is wielding a +0 whip.
The orc closely misses you.
An orc comes into view. It is wielding a +0 flail.
The orc priest mumbles some strange prayers to Beogh against you.
Beogh smites you!
Your magical contamination has completely faded away.
The orc priest invokes the aid of Beogh against you.
Beogh smites you!
You die...

#.....#
#.#o##.#
#.
##.#.#
#. ##o.#
# ##.#.#
#..#.#
#<#.#o#
###.#.#
#.#@#
#...#
#.###
#.#
###.###
#.....#
###
#.....#
...
#.....#
###
#.....#


You could see an orc priest and an orc.

Vanquished Creatures
  3 adders (D:2)
  An ufetubus (D:4)
  A dart slug (D:1)
  An orc (D:4)
  4 ball pythons
  2 endoplasms
  A giant cockroach (D:2)
  5 goblins
  8 hobgoblins
  6 jackals
  4 kobolds (D:1)
  5 quokkas
  6 bats
  3 frilled lizards (D:1)
  7 rats
57 creatures vanquished.

Vanquished Creatures (others)
  3 plants (D:1)
3 creatures vanquished.

Grand Total: 60 creatures vanquished

Notes
Turn   | Place    | Note
-------+----------+-------------------------------------------
     0 | D:1      | H0rd4k the Deep Elf Hedge Wizard began the quest for the
                  | Orb.
     0 | D:1      | Reached XP level 1. HP: 10/10 MP: 7/7
   318 | D:1      | Reached XP level 2. HP: 15/15 MP: 6/9
   503 | D:1      | Reached skill level 5 in Spellcasting
  1121 | D:1      | Reached XP level 3. HP: 19/19 MP: 9/11
  1124 | D:1      | Learned a level 2 spell: Blink
  1128 | D:1      | Learned a level 3 spell: Conjure Flame
  1132 | D:1      | Learned a level 3 spell: Mephitic Cloud
  1964 | D:2      | Reached skill level 6 in Spellcasting
  2221 | D:2      | Reached XP level 4. HP: 24/24 MP: 11/14
  2510 | D:2      | Found a runed translucent door.
  2511 | D:2      | Noticed Crazy Yiuf
  2635 | D:3      | Noticed an ogre
  3058 | D:4      | Killed from afar by an orc priest

Illustrated notes

Levels and vault maps discovered:
D:1:      dpeg_cavernosity, layout_basic, serial_bayou, serial_bayou_crossing,
          serial_bayou_lake_a, serial_bayou_pond_e, minivault_14
D:2:      layout_loops_ring, kennysheep_big_empty_room, uniq_crazy_yiuf_cottage
D:3:      layout_rooms, mainiacjoe_overflow_small_starburst, serial_shops,
          nicolae_shop_behind_doors, corexii_leaking_fountain, uniq_ijyb
D:4:      layout_loops_ring, nicolae_elyvilon_temple_path

Skill      XL: |  1  2  3 |
---------------+----------+-----
Spellcasting   | 5 6 |  6.3
Dodging        | 3 |  3.0
Conjurations   | 2 |  2.1
Stealth        | |  2.4
Summonings     | |  1.1
Translocations | |  1.1
Fire Magic     | |  0.6
Air Magic      | |  0.2
Poison Magic   | |  0.1

Action                   |  1- 3 |  4- 6 || total
-------------------------+-------+-------++-------
 Cast: Magic Dart        |   108 |    40 ||   148
       Blink             |       |     4 ||     4
Armor: Robe              |     1 |     1 ||     2
Dodge: Dodged            |    13 |    12 ||    25
